 Dungeon Sprint DCSS version 0.18-a0-1140-g8540535 (webtiles) character file.

77 Kidiri the Sneak (level 4, -6/31 HPs)
             Began as a Spriggan Enchanter on Jan 21, 2016.
             Mangled by a water elemental (20 damage)
             ... in the Dungeon (Sprint III: "The Ten Rune Challenge").
             The game lasted 00:02:28 (546 turns).

Kidiri the Sneak (Spriggan Enchanter)                Turns: 546, Time: 00:02:29

Health: -6/31      AC:  3    Str:  9    XL:     4   Next: 13%
Magic:  9/12       EV: 21    Int: 17    God:
Gold:   26         SH:  0    Dex: 16    Spells: 5 memorised, 1 level left

rFire  . . .     SeeInvis +     a - +1 dagger
rCold  . . .     Gourm    .     b - +1 robe
rNeg   . . .     Faith    .     (shield restricted)
rPois  .         Spirit   .     (helmet restricted)
rElec  .         Dismiss  .     (no cloak)
rCorr  .         Reflect  .     (gloves unavailable)
SustAt .         Harm     .     (boots unavailable)
MR     .....     NoTele   +     (no amulet)
Stlth  ..........               (no ring)
                                (no ring)

@: berserking, very quick, not resistant to hostile enchantments, extremely
unstealthy
A: unfitting armour, see invisible, herbivore 3, speed 3, slow metabolism 2
a: no special abilities


You were in the Dungeon.
You were not hungry.

You visited 1 branch You collected 26 gold pieces.

Inventory:

Hand Weapons
 a - a +1 dagger (weapon)
Armour
 b - a +1 robe (worn)
Scrolls
 j - a scroll of blinking
 m - a scroll of immolation
 o - 3 scrolls of remove curse
 s - a scroll of torment {unknown}
 t - a scroll of fog {unknown}
Potions
 e - a potion of curing
 f - a potion of heal wounds
 g - 2 potions of haste
 h - 2 potions of magic
 k - a potion of ambrosia
 q - 2 potions of cure mutation
 r - 3 potions of flight
Books
 c - a book of Maledictions

   Spells                             Type                      Level
   a - Corona                         Hexes                        1
   b - Ensorcelled Hibernation        Hexes/Ice                    2
   c - Confuse                        Hexes                        3
   d - Tukima's Dance                 Hexes                        3
   e - Dazzling Spray                 Conjuration/Hexes            3
Comestibles
 d - a bread ration
 p - 2 royal jellies


   Skills:
 * Level 3.8 Short Blades
 * Level 6.0 Dodging
 * Level 6.9 Stealth
 * Level 5.2 Spellcasting
 + Level 0.8 Conjurations
 + Level 4.5 Hexes
 + Level 1.4 Ice Magic


You had one spell level left.
You knew the following spells:

 Your Spells              Type           Power        Failure   Level  Hunger
a - Corona                Hex            ###....      2%          1    None
b - Ensorcelled Hibernat  Hex/Ice        ##....       10%         2    #......
c - Confuse               Hex            ###.....     10%         3    ###....
d - Tukima's Dance        Hex            ###.....     10%         3    ###....
e - Dazzling Spray        Conj/Hex       ##......     14%         3    ###....


Dungeon Overview and Level Annotations

Branches:
Dungeon (1/1)

Altars:


Innate Abilities, Weirdness & Mutations

You are tiny and cannot use many weapons and most armour.
You have supernaturally acute eyesight.
You are a herbivore.
You cover ground extremely quickly.
You need consume almost no food.


Message History

Casting: Ensorcelled Hibernation
Confirm with . or Enter, or press ? or * to list all spells.
Aiming: Dazzling Spray
Press: ? - help, Shift-Dir - straight line, f - water elemental
Aim: a water elemental The spray of energy misses the water elemental.
Drink which item? (? for menu, Esc to quit)
A red film seems to cover your vision as you go berserk!
You feel yourself moving faster!
You feel mighty!
You barely miss the water elemental. The water elemental hits you!
Ouch! That really hurt!
You barely miss the water elemental. You barely miss the water elemental.
The water elemental closely misses you.
You puncture the water elemental!
The water elemental is moderately damaged.
You hit the water elemental.
The water elemental is heavily damaged.
The water elemental hits you!!
Ouch! That really hurt!
You die...

▓#'####....♣♣♣ ♣♣.# *
▓.....#....≈♣♣♣♣..###+#+###
▓.....#...≈≈..♣♣..#........
▓.....#..≈≈≈≈♣....'.⌠......
▓####%#..≈≈≈≈≈≈♣..#...####*
▓.....#.≈≈≈≈≈≈....#.E.#
▓.....#.≈≈≈≈≈.....#...#
▓....)#.≈≈≈...E...#+###
▓'#####.......@...# ,*
▓....%............# +,
▓▓▓▓▓▓▓▓▓▓▓▓▓▓▓▓▓▓▓ * , ≈ ≈
* * ≈ , ** ,


You could see a water elemental.

Vanquished Creatures
  Jessica (D)
  A wolf (D)
  A human (D)
  2 oozes (D)
  A rat (D)
6 creatures vanquished.

Vanquished Creatures (others)
  2 draconian scorchers (D)
  2 yaktaurs (D)
4 creatures vanquished.

Grand Total: 10 creatures vanquished

Notes
Turn   | Place    | Note
--------------------------------------------------------------
     0 | D        | Kidiri the Spriggan Enchanter began the quest for the Orb.
     0 | D        | Reached XP level 1. HP: 9/9 MP: 5/5
    14 | D        | Reached skill level 5 in Stealth
    14 | D        | Reached XP level 2. HP: 7/13 MP: 5/7
    18 | D        | Learned a level 2 spell: Ensorcelled Hibernation
    79 | D        | Killed a yaktaur
   179 | D        | Noticed Jessica
   181 | D        | Killed a white draconian scorcher
   198 | D        | Killed Jessica
   198 | D        | Reached skill level 5 in Dodging
   198 | D        | Reached skill level 6 in Stealth
   198 | D        | Reached skill level 1 in Ice Magic
   198 | D        | Reached XP level 3. HP: 14/16 MP: 1/10
   203 | D        | Learned a level 3 spell: Confuse
   207 | D        | Learned a level 3 spell: Dazzling Spray
   243 | D        | Killed a yaktaur
   272 | D        | Killed a white draconian scorcher
   415 | D        | Reached skill level 5 in Spellcasting
   421 | D        | Reached XP level 4. HP: 21/21 MP: 0/12
   433 | D        | Learned a level 3 spell: Tukima's Dance
   455 | D        | Gained mutation: You are resistant to hostile enchantments. [potion of mutation]
   455 | D        | Gained mutation: You passively map a small area around you. [potion of mutation]
   455 | D        | Gained mutation: You are clumsy. (Dex -2) [potion of mutation]
   456 | D        | Gained mutation: You possess an exceptional clarity of mind. [potion of mutation]
   456 | D        | Gained mutation: You are dopey. (Int -2) [potion of mutation]
   456 | D        | Gained mutation: You are covered in fur (AC +1). [potion of mutation]
   457 | D        | Lost mutation: You are dopey. (Int -2) [potion of cure mutation]
   457 | D        | Lost mutation: You are resistant to hostile enchantments. [potion of cure mutation]
   458 | D        | Lost mutation: You possess an exceptional clarity of mind. [potion of cure mutation]
   458 | D        | Lost mutation: You are clumsy. (Dex -2) [potion of cure mutation]
   458 | D        | Lost mutation: You passively map a small area around you. [potion of cure mutation]
   458 | D        | Lost mutation: You are covered in fur (AC +1). [potion of cure mutation]
   529 | D        | Noticed a water elemental
   546 | D        | Mangled by a water elemental

Vault maps used:
D:        dungeon_sprint_mu

Action                   |  1- 3 |  4- 6 || total
-------------------------+-------+-------++-------
Melee: Dagger            |    27 |     6 ||    33
 Cast: Ensorcelled Hiber |     8 |       ||     8
       Corona            |     1 |       ||     1
       Dazzling Spray    |       |     1 ||     1
  Use: Potion            |       |     5 ||     5
       Scroll            |       |     2 ||     2
 Stab: Sleeping          |     4 |       ||     4
